 Dungeon Crawl Stone Soup version 0.18-a0-1799-g6250cb2 (webtiles) character file.

259 Ravarcil the Magician (level 5, -2/24 HPs)
             Began as a Spriggan Wizard on Apr 23, 2016.
             Was an Initiate of Vehumet.
             Killed from afar by an orc wizard (12 damage)
             ... with a puff of frost
             ... on level 4 of the Dungeon.
             The game lasted 00:36:54 (4787 turns).

Ravarcil the Magician (Spriggan Wizard)             Turns: 4787, Time: 00:36:55

Health: -2/24      AC:  4    Str:  4    XL:     5   Next: 94%
Magic:  3/24       EV: 18    Int: 19    God:    Vehumet [......]
Gold:   154        SH:  0    Dex: 15    Spells: 3 memorised, 12 levels left

rFire  + . .     SeeInvis +     (weapon restricted)
rCold  . . .     Gourm    .     a - +0 robe
rNeg   . . .     Faith    .     (shield restricted)
rPois  .         Spirit   .     b - +0 hat
rElec  .         Dismiss  .     l - +1 cloak
rCorr  .         Reflect  .     (gloves unavailable)
SustAt .         Harm     .     (boots unavailable)
MR     .....                    (no amulet)
Stlth  +++.......               j - ring of protection from fire
                                f - ring of magical power

@: very slightly contaminated, very quick, not resistant to hostile
enchantments, fairly stealthy
A: unfitting armour, see invisible, herbivore 3, speed 3, slow metabolism 2
a: Renounce Religion


You were on level 4 of the Dungeon.
You worshipped Vehumet.
Vehumet was noncommittal.
You were full.

You visited 2 branches of the dungeon, and saw 5 of its levels.

You collected 154 gold pieces.

Inventory:

Armour
 a - a +0 robe (worn)
 b - a +0 hat (worn)
 l - a +1 cloak (worn)
Jewellery
 f - a ring of magical power (left hand)
 j - a ring of protection from fire (right hand)
Wands
 k - a wand of flame (23/48)
 q - a wand of slowing (35/48)
Scrolls
 e - 4 scrolls of identify {unknown}
 o - a scroll of remove curse {unknown}
 p - 2 scrolls of recharging {unknown}
Potions
 m - a potion of berserk rage {unknown}
Books
 c - a book of Minor Magic

   Spells                             Type                      Level
   a - Magic Dart                     Conjuration                  1
   b - Blink                          Translocation                2
   c - Call Imp                       Summoning                    2
   d - Repel Missiles                 Charms/Air                   2
   e - Slow                           Hexes                        2
   f - Conjure Flame                  Conjuration/Fire             3
   g - Mephitic Cloud                 Conjuration/Poison/Air       3
Comestibles
 d - a bread ration


   Skills:
 + Level 3.6 Dodging
 + Level 3.6 Stealth
 * Level 7.0 Spellcasting
 + Level 2.2 Conjurations
   Level 0.7 Summonings
 + Level 1.5 Translocations


You had 12 spell levels left.
You knew the following spells:

 Your Spells              Type           Power        Failure   Level  Hunger
a - Magic Dart            Conj           ###.         6%          1    None
b - Mephitic Cloud        Conj/Pois/Air  #.......     28%         3    #......
c - Blink                 Tloc           N/A          10%         2    None


Dungeon Overview and Level Annotations

Branches:
Dungeon (4/15)             Temple (1/1) D:4

Altars:
Cheibriados
Elyvilon
Fedhas
Gozag
Kikubaaqudgha
Makhleb
Nemelex Xobeh
Okawaru
Qazlal
Sif Muna
Vehumet
Xom
Yredelemnul
The Shining One

Annotations:
D:4 Blork the orc


Innate Abilities, Weirdness & Mutations

You are tiny and cannot use many weapons and most armour.
You have supernaturally acute eyesight.
You are a herbivore.
You cover ground extremely quickly.
You need consume almost no food.


Message History

The giant cockroach bites you.
The orc wizard casts a cantrip, but nothing happens.
The orc wizard hits you but does no damage.
You completely miss the giant cockroach.
The giant cockroach is almost dead.
The giant cockroach bites you but does no damage.
The orc wizard misses you. The giant cockroach misses you.
Casting: Magic Dart
Confirm with . or Enter, or press ? or * to list all spells.
You blink.
The orc wizard gestures wildly while chanting.
The orc wizard flickers and vanishes for a moment.
The giant cockroach bites you but does no damage.
The orc priest shouts!
The orc shouts!
The orc wizard is no longer moving quickly.
The orc wizard casts a spell at you. The puff of frost hits you!
Ouch! That really hurt!
You die...

###.................
****#...........#####...
**,,,,.#.........# ##..
*,,****####o..#..##***#.#
*,** ###.#.......,*...
***,* #.......####,....
*,,.**** #..........,.....
**,....####.......###,,,,,,
****#....@.......)..,,,,,,
######.......##.,,,,,,
####### #...o......,,,,,,
#.....# #.......#<#,,,,,,
#...†.#####...o..o..***,**
#........o..####..#.,,,,**
#..o...o<........<..,,,,,,
#.....##########....,**,**
#.....# *,,,***,,,,,*


You could see an orc priest, an orc wizard and an orc.

Vanquished Creatures
  2 hounds
  An orc wizard (D:3)
  Natasha (twice) (D:3)
  3 adders
  3 worms
  A dart slug (D:3)
  3 giant geckos
  11 orcs
  4 giant cockroaches
  7 goblins
  9 hobgoblins
  3 jackals (D:1)
  10 kobolds
  A ball python skeleton (D:4)
  7 bats
  A giant newt (D:2)
  6 rats
74 creatures vanquished.

Vanquished Creatures (others)
  2 orc wizards (D:3)
2 creatures vanquished.

Grand Total: 76 creatures vanquished

Notes
Turn   | Place    | Note
--------------------------------------------------------------
     0 | D:1      | Ravarcil the Spriggan Wizard began the quest for the Orb.
     0 | D:1      | Reached XP level 1. HP: 9/9 MP: 6/6
   348 | D:1      | Reached XP level 2. HP: 7/13 MP: 3/8
  1167 | D:1      | Reached skill level 5 in Spellcasting
  1408 | D:2      | Reached XP level 3. HP: 16/16 MP: 10/10
  1898 | D:2      | Reached skill level 1 in Conjurations
  2258 | D:3      | Found a burning altar of Makhleb.
  2298 | D:3      | Learned a level 3 spell: Mephitic Cloud
  2452 | D:3      | Noticed Natasha
  2626 | D:3      | Reached XP level 4. HP: 19/21 MP: 1/12
  2775 | D:3      | Found a deep blue altar of Sif Muna.
  3141 | D:3      | Reached skill level 6 in Spellcasting
  3356 | D:3      | Killed Natasha
  3356 | D:3      | Reached XP level 5. HP: 24/24 MP: 9/14
  3853 | D:4      | Noticed Blork the orc
  3922 | D:3      | Noticed Natasha
  4211 | D:3      | Killed Natasha
  4263 | D:3      | Learned a level 2 spell: Blink
  4275 | D:4      | Found a staircase to the Ecumenical Temple.
  4280 | D:4      | Found an iron altar of Okawaru.
  4292 | Temple   | Entered the Ecumenical Temple
  4368 | Temple   | Became a worshipper of Vehumet
  4480 | D:4      | Noticed a phantom
  4659 | D:4      | Noticed an ogre
  4739 | D:4      | Reached skill level 7 in Spellcasting
  4787 | D:4      | Killed from afar by an orc wizard

Vault maps used:
D:1:      elethiomel_arrival_maze
D:2:      first_bread, kennysheep_generic_room_10
D:3:      led_sif_book, serial_co_window_serial, co_window_of_opportunity_a,
          co_window_paths_b, co_window_paths_a, co_window_paths_b,
          co_window_paths_a, co_window_paths_b, co_window_corner_ca,
          co_window_2corner, co_window_corner_cb, co_window_unsneaky_path_a,
          co_window_corner_b, co_window_paths_d, glass_columns_a,
          glass_columns_a, glass_columns_a, glass_columns_a, glass_columns_b,
          makhleb_heckhound_becter, uniq_natasha
D:4:      overflow_temple_1_default, minmay_temple_entry_statues,
          kennysheep_windowed_goal, uniq_blork_the_orc
Temple:   zaba_magenta_temple_12

Skill      XL: |  1  2  3  4  5 |
---------------+----------------+-----
Spellcasting   | 5 6 7 |  7.0
Conjurations   | 1 2 |  2.2
Dodging        | |  3.6
Stealth        | |  3.6
Summonings     | |  0.7
Translocations | |  1.5

Action                   |  1- 3 |  4- 6 || total
-------------------------+-------+-------++-------
Melee: Unarmed           |       |    22 ||    22
 Cast: Magic Dart        |   186 |   133 ||   319
       Mephitic Cloud    |     4 |    13 ||    17
       Blink             |       |     1 ||     1
  Use: Scroll            |       |     4 ||     4
       Potion            |       |     1 ||     1
 Stab: Confused          |       |     1 ||     1
  Eat: Bread ration      |       |     1 ||     1
Armor: Robe              |     6 |    12 ||    18
Dodge: Dodged            |    37 |    65 ||   102
